 Dungeon Crawl Stone Soup version 0.31-a0-325-g067879e3d3 (webtiles) character file.

Game seed: 2335523991820790439

5336 Laurel the Fighter (level 10, -7/92 HPs)
             Began as a Hill Orc Fighter on July 19, 2023.
             Was a Priest of Wu Jian.
             Mangled by a troll (9 damage)
             ... on level 9 of the Dungeon.
             The game lasted 00:37:39 (7844 turns).

Laurel the Fighter (Hill Orc Fighter)               Turns: 7844, Time: 00:37:40

Health: -7/92      AC: 13    Str: 23    XL:     10   Next: 64%
Magic:  10/10      EV:  6    Int: 12    God:    Wu Jian [***...]
Gold:   454        SH:  4    Dex:  9    Spells: 9/9 levels left

rFire   . . .        y - +1 hand axe (venom)
rCold   . . .        c - +0 buckler
rNeg    . . .        J - +0 plate armour
rPois   .            P - +0 helmet
rElec   .            (no cloak)
rCorr   .            v - +0 pair of gloves
SInv    .            (no boots)
Will    .....        (no amulet) Stlth
                     (no ring)
HPRegen 0.35/turn    (no ring)
MPRegen 0.12/turn

%: no passive effects
@: about to teleport
A: clever 1, frail 1, passive freeze, screaming 1
a: Renounce Religion, Wall Jump, Serpent's Lash


You were on level 9 of the Dungeon.
You worshipped Wu Jian.
Wu Jian was most pleased with you.
You visited 1 branch of the dungeon, and saw 9 of its levels.

You collected 454 gold pieces.

Inventory:

Hand Weapons
 a - a +0 war axe
 y - a +1 hand axe of venom (weapon)
 A - a +2 shortbow of electrocution
Missiles
 o - 8 atropa-tipped darts
 p - 78 stones
 C - 6 boomerangs
 E - 11 poisoned darts
 Q - a throwing net
Armour
 c - a +0 buckler (worn)
 v - a +0 pair of gloves (worn)
 G - a +1 chain mail of cold resistance
 J - a +0 plate armour (worn)
 P - a +0 helmet (worn)
Jewellery
 l - a ring of magical power
Talismans
 z - a maw talisman
Wands
 w - a wand of iceblast (9)
 F - a wand of digging (7)
 K - a wand of charming (11)
 S - a wand of polymorph (12)
Scrolls
 e - 4 scrolls of immolation {unknown}
 g - a scroll of fear {unknown}
 i - 5 scrolls of identify
 j - a scroll of enchant armour {unknown}
 k - a scroll of fog {unknown}
 m - a scroll of poison {unknown}
 n - a scroll of noise {unknown}
 t - 4 scrolls of teleportation
 u - 2 scrolls of acquirement {unknown}
 x - 5 scrolls of vulnerability {unknown}
 D - a scroll of torment {unknown}
 N - a scroll of brand weapon {unknown}
 O - a scroll of amnesia {unknown}
 R - a scroll of enchant weapon {unknown}
 T - a scroll of blinking {unknown}
Potions
 b - a potion of haste {unknown}
 d - a potion of might
 f - 3 potions of curing
 h - a potion of invisibility {unknown}
 q - a potion of cancellation {unknown}
 r - 2 potions of mutation {unknown}
 s - 2 potions of attraction {unknown}
 B - a potion of experience {unknown}
 H - a potion of brilliance {unknown}
 I - a potion of lignification {unknown}
 L - 6 potions of degeneration {unknown}
 M - a potion of enlightenment {unknown}


   Skills:
 + Level 14.1 Fighting
 - Level 10.2 Axes
 - Level 4.0 Throwing
 - Level 3.4 Armour
 - Level 3.4 Shields
 - Level 5.0 Evocations


You had 9 spell levels left.
You didn't know any spells.
Your spell library contained the following spells:

 Spells                   Type           Power      Damage    Failure   Level
 Shock                    Conj/Air       0%         1d3       100%        1
 Summon Small Mammal      Summ           0%         N/A       100%        1
 Scorch                   Fire           0%         2d5       100%        2
 Call Canine Familiar     Summ           0%         N/A       100%        3
 Hailstorm                Conj/Ice       0%         3d3       100%        3
 Summon Guardian Golem    Hex/Summ       0%         N/A       100%        3
 Swiftness                Air            0%         N/A       100%        3
 Airstrike                Air            0%         2d(0-16)  100%        4
 Flame Wave               Conj/Fire      0%         2d4       100%        4
 Summon Ice Beast         Ice/Summ       0%         N/A       100%        4
 Summon Forest            Summ/Tloc      0%         N/A       100%        5
 Summon Mana Viper        Hex/Summ       0%         N/A       100%        5
 Simulacrum               Ice/Necr       0%         N/A       100%        6
 Summon Cactus Giant      Summ           0%         N/A       100%        6


Dungeon Overview and Level Annotations

Branches:
Dungeon (9/15)             Temple (0/1) D:6
   Lair: D:8-11         Orc: D:9-12

Altars:
Cheibriados
Makhleb
Uskayaw
Wu Jian
Xom
Yredelemnul

Annotations:
D:5 2 transporters
D:7 Joseph, Maggie, Menkaure


Innate Abilities, Weirdness & Mutations

Your mind is acute. (Int +4, Str/Dex -1)
You are frail. (-10% HP)
A frigid envelope surrounds you and freezes all who hurt you.
You occasionally shout uncontrollably at your foes.


Message History

* * * LOW HITPOINT WARNING * * *
The two-headed ogre barely misses you.
You kill the two-headed ogre!
The Council accepts your kill.
Your Fighting skill increases to level 14!
Things that are here:
a +0 whip; a kobold corpse
p - 78 stones (gained 5)
Items here: ))) †.
E - 11 poisoned darts (gained 7)
You see here a +2 whip of electrocution. "Where it stops, nobody knows!"
Your surroundings suddenly seem different.
Your surroundings suddenly seem different.
You yell at the orc wizard!
A howler monkey, a troll and 4 orcs come into view.
As you read the scroll labelled FAFANN XATS, it crumbles to dust.
It is a scroll of identify.
t - 5 scrolls of teleportation The howler monkey howls!
The troll shouts!
The orc warrior shouts!
The orc shouts!
The orc wizard shouts! x2; You hear a bellow!
The orc wizard gestures at you while chanting.
The puff of flame hits you but does no damage.
As you read the scroll of teleportation, it crumbles to dust.
You feel strangely unstable. The howler monkey barely misses you.
The orc wizard gestures at you while chanting.
The magic dart hits you but does no damage.
You spin and attack the howler monkey.
You slash the howler monkey!
The howler monkey is poisoned.
The howler monkey is heavily wounded.
You spin and attack the troll.
You barely miss the troll.
The howler monkey hoots and howls with incredible vigour!
The orc wizard curses loudly.
The troll bites you.
* * * LOW HITPOINT WARNING * * *
The troll is very cold.
The troll is lightly wounded.
The troll claws you!
You die...

#################
....o..o.T.......
.......oh@.......
.......o.........
.................
.................
.................
.................
.................
#################


You could see a troll, an orc warrior, a howler monkey (very poisoned, catching
breath), 2 orc wizards and an orc.

Vanquished Creatures
  2 two-headed ogres (D:9)
  Pikel (D:8)
  Sigmund (D:3)
  3 yaks (D:8)
  An orc warrior (D:7)
  A sky beast (D:6)
  4 black bears
  3 ice beasts
  2 ogres
  3 centaurs
  2 bullfrogs
  A kobold brigand (D:9)
  2 gnoll sergeants (D:8)
  A water moccasin zombie (D:6)
  10 killer bees
  3 hounds
  3 jellies
  8 orc priests
  A gnoll bouda (D:6)
  A sleepcap (D:4)
  4 iguanas
  8 orc wizards
  A howler monkey zombie (D:6)
  12 gnolls
  5 adders
  3 shadow imps
  4 white imps
  An ufetubus (D:6)
  2 dart slugs
  28 orcs
  8 endoplasms
  4 giant cockroaches (D:1)
  4 hobgoblins
  2 jackals (D:4)
  3 quokkas
  10 ball pythons
  4 bats
  2 frilled lizards
  11 goblins
  10 kobolds
  7 rats
186 creatures vanquished.

Notes
Turn   | Place    | Note
-------+----------+-------------------------------------------
     0 | D:1      | Laurel the Hill Orc Fighter began the quest for the Orb.
     0 | D:1      | Reached XP level 1. HP: 19/19 MP: 1/1
   129 | D:1      | Reached XP level 2. HP: 27/27 MP: 2/2
   396 | D:1      | Found a faded altar of an unknown god.
   404 | D:1      | Prayed at the altar of an unknown god.
   404 | D:1      | Became a worshipper of Xom the Tricky
   592 | D:1      | XOM: silly message
   744 | D:1      | Reached XP level 3. HP: 30/33 MP: 3/3
  1111 | D:2      | XOM: 1-stop teleportation journey
  1159 | D:2      | XOM: cast spell 'Cause Fear'
  1162 | D:2      | Reached skill level 5 in Axes
  1162 | D:2      | Reached XP level 4. HP: 39/40 MP: 4/4
  1185 | D:2      | XOM: silly message
  1518 | D:3      | Noticed Sigmund
  1578 | D:3      | XOM: divination: magic mapping
  1611 | D:3      | Reached XP level 5. HP: 31/46 MP: 5/5
  1880 | D:3      | XOM: cast spell 'Summon Cactus Giant'
  1891 | D:3      | Killed Sigmund
  1892 | D:3      | Reached skill level 5 in Fighting
  1892 | D:3      | Reached XP level 6. HP: 27/57 MP: 6/6
  2103 | D:3      | Found an ornate altar of the Wu Jian Council.
  2107 | D:3      | XOM: silly message
  2147 | D:3      | Reached skill level 6 in Fighting
  2222 | D:3      | XOM: cloud trail
  2380 | D:3      | Fell from the grace of Xom
  2380 | D:3      | Became a worshipper of the Wu Jian Council
  2682 | D:3      | XOM: noise
  2698 | D:3      | XOM: give mutations
  2698 | D:3      | Gained mutation: You are frail. (-10% HP) [Xom's mischief]
  2698 | D:3      | Gained mutation: A frigid envelope surrounds you and
                  | freezes all who hurt you. [Xom's mischief]
  2750 | D:4      | XOM: summons 3 hostile shadow creatures
  2772 | D:4      | Reached XP level 7. HP: 10/57 MP: 7/7
  3099 | D:4      | Reached skill level 7 in Fighting
  3412 | D:4      | Reached * piety under Wu Jian
  3448 | D:4      | Reached skill level 8 in Fighting
  3603 | D:5      | Entered Level 5 of the Dungeon
  3734 | D:5      | Reached skill level 9 in Fighting
  3780 | D:5      | Found a hide-covered altar of Uskayaw.
  3782 | D:5      | Noticed a two-headed ogre
  3782 | D:5      | Noticed a two-headed ogre
  3785 | D:5      | Found a transporter.
  3792 | D:5      | Found a transporter.
  3867 | D:5      | Reached XP level 8. HP: 65/70 MP: 8/8
  3979 | D:5      | Reached skill level 10 in Fighting
  4343 | D:6      | Found a basalt altar of Yredelemnul.
  4772 | D:6      | Found a snail-covered altar of Cheibriados.
  4906 | D:6      | Found a staircase to the Ecumenical Temple.
  5032 | D:6      | XOM: give mutations
  5032 | D:6      | Gained mutation: Your mind is acute. (Int +4, Str/Dex -1)
                  | [Xom's mischief]
  5032 | D:6      | Gained mutation: Your mind is very acute. (Int +8, Str/Dex
                  | -2) [Xom's mischief]
  5032 | D:6      | Lost mutation: Your mind is very acute. (Int +8, Str/Dex
                  | -2) [Xom's mischief]
  5032 | D:6      | Gained mutation: You occasionally shout uncontrollably at
                  | your foes. [Xom's mischief]
  5267 | D:6      | Reached ** piety under Wu Jian
  5268 | D:6      | Reached skill level 10 in Axes
  5282 | D:7      | Reached skill level 1 in Evocations
  5308 | D:7      | Noticed Menkaure
  5387 | D:7      | Reached XP level 9. HP: 64/76 MP: 9/9
  5798 | D:7      | Reached skill level 5 in Evocations
  5798 | D:7      | Reached skill level 1 in Throwing
  5816 | D:7      | XOM: summons 1 hostile demon
  6109 | D:7      | Noticed Joseph
  6284 | D:7      | XOM: summons 2 hostile shadow creatures
  6325 | D:7      | Noticed Maggie
  6487 | D:8      | Reached *** piety under Wu Jian
  6530 | D:8      | XOM: 3-stop teleportation journey
  6650 | D:8      | Noticed Pikel
  6658 | D:8      | Killed Pikel
  6659 | D:8      | Reached skill level 11 in Fighting
  6659 | D:8      | Reached XP level 10. HP: 86/87 MP: 10/10
  6698 | D:8      | XOM: enchant monster (bad)
  6754 | D:8      | Found a burning altar of Makhleb.
  6928 | D:8      | XOM: divination: detect creatures
  7001 | D:8      | Reached skill level 12 in Fighting
  7675 | D:9      | Noticed a two-headed ogre
  7684 | D:9      | Killed a two-headed ogre
  7685 | D:9      | Reached skill level 13 in Fighting
  7819 | D:9      | Noticed a two-headed ogre
  7835 | D:9      | HP: 4/90 [two-headed ogre/+0 giant spiked club (20)]
  7835 | D:9      | Killed a two-headed ogre
  7836 | D:9      | Reached skill level 14 in Fighting
  7839 | D:9      | XOM: 2-stop teleportation journey
  7844 | D:9      | HP: 2/92 [troll (6)]
  7844 | D:9      | Mangled by a troll

Illustrated notes

Levels and vault maps discovered:
D:1:      grunt_arrival_lava_bath, layout_basic, shapermc_ecumenical_altar_venn
D:2:      layout_basic, nicolae_the_louvre
D:3:      layout_basic, nicolae_wu_jian_glorious_leap, uniq_sigmund
D:4:      layout_loops_cross
D:5:      layout_basic, gammafunk_temple_overflow_arena
D:6:      layout_loops_cross, lemuel_coloured_pillars_altar,
          lemuel_zombie_altar_yredelemnul, temple_pool_b,
          kennysheep_pointless_box
D:7:      layout_rooms, minmay_hedge_maze, minivault_4,
          chequers_serial_rivers_room_b, uniq_menkaure, uniq_maggie, uniq_joseph
D:8:      layout_loops_ring, mainiacjoe_overflow_paths, uniq_pikel
D:9:      layout_long_grid, elyvilon_altar_1, orc_0_dummy

Skill      XL: |  1  2  3  4  5  6  7  8  9 10 |
---------------+-------------------------------+-----
Axes           | 3 4 5 6 7 10 | 10.2
Fighting       | 5 6 9 10 11 14 | 14.1
Evocations     | 1 5 |  5.0
Throwing       | 4 |  4.0
Armour         | |  3.4
Shields        | |  3.4

Action                     |  1- 3 |  4- 6 |  7- 9 | 10-12 || total
---------------------------+-------+-------+-------+-------++-------
  Melee: War axe           |   120 |     7 |       |       ||   127
         Hand axe          |       |    75 |   327 |    63 ||   465
Ability: Lunge             |       |     1 |    25 |     5 ||    31
         Whirlwind         |       |       |     3 |     3 ||     6
    Use: Potion            |       |       |     1 |       ||     1
         Scroll            |       |       |       |     2 ||     2
 Armour: Scale mail        |    20 |       |       |       ||    20
         Chain mail        |    55 |    31 |    27 |       ||   113
         Plate armour      |       |       |   106 |    27 ||   133
  Dodge: Dodged            |    60 |    24 |    59 |    18 ||   161
  Block: Buckler           |    42 |    15 |    46 |     6 ||   109

Table legend: (Time is in decaauts)
 A = Elapsed time spent in this place.
 B = Non-inter-level travel time spent in this place.
 C = Inter-level travel time spent in this place.
 D = Time resting spent in this place.
 E = Time spent auto-exploring this place.
 F = Levels seen in this place.
 G = Mean time per level.
                   A        B        C        D        E       F      G
               +--------+--------+--------+--------+--------+-----+--------+
         Total |   7846 |   7464 |    382 |   1032 |   4359 |   9 |  871.8 |
       Dungeon |   7846 |   7464 |    382 |   1032 |   4359 |   9 |  871.8 |
               +--------+--------+--------+--------+--------+-----+--------+

Top non-repeatable levels by time:
     D:6: 1406 daAuts
     D:3: 1348 daAuts
     D:8: 1170 daAuts
     D:7: 807 daAuts
     D:1: 805 daAuts
     D:2: 760 daAuts
     D:4: 731 daAuts
     D:5: 605 daAuts
     D:9: 209 daAuts
